 Dungeon Crawl Stone Soup version 0.18-a0-1764-gf4ddf0b (webtiles) character file.

91 namelastname112 the Sneak (level 4, -3/37 HPs)
             Began as a Draconian Assassin on Apr 13, 2016.
             Killed from afar by an orc wizard (10 damage)
             ... with a puff of flame
             ... on level 3 of the Dungeon.
             The game lasted 00:06:18 (973 turns).

namelastname112 the Sneak (Draconian Assassin)       Turns: 973, Time: 00:06:19

Health: -3/37      AC:  6    Str: 13    XL:     4   Next: 34%
Magic:  4/4        EV: 12    Int: 11    God:
Gold:   50         SH:  0    Dex: 14    Spells: 0 memorised, 3 levels left

rFire  . . .     SeeInvis .     a - +2 dagger
rCold  . . .     Gourm    .     (armour unavailable)
rNeg   . . .     Faith    .     (no shield)
rPois  .         Spirit   .     (helmet restricted)
rElec  .         Dismiss  .     c - +0 cloak
rCorr  .         Reflect  .     (no gloves)
SustAt .         Harm     .     (no boots)
MR     .....                    (no amulet)
Stlth  +.........               (no ring)
                                (no ring)

@: confused, slowed, very slow, not resistant to hostile enchantments, very
unstealthy
A: unfitting armour, cold-blooded, AC +5
a: no special abilities


You were on level 3 of the Dungeon.
You were not hungry.

You visited 1 branch of the dungeon, and saw 3 of its levels.

You collected 50 gold pieces.

Inventory:

Hand Weapons
 a - a +2 dagger (weapon)
 b - a +0 blowgun
Missiles
 d - 21 poisoned needles
 e - 2 curare-tipped needles
Armour
 c - a +0 cloak (worn)
Jewellery
 g - an uncursed ring of fire
Scrolls
 i - a scroll of teleportation {unknown}
 j - 3 scrolls of identify {unknown}
 l - 2 scrolls of remove curse {unknown}
 r - a scroll of enchant armour {unknown}
Potions
 h - a potion of mutation {unknown}
 k - a potion of heal wounds
 n - a potion of flight {unknown}
 o - a potion of resistance {unknown}
 q - 3 potions of degeneration {unknown}
 s - a potion of might {unknown}
Comestibles
 f - 2 bread rations
 m - 5 fruits
 p - a meat ration


   Skills:
 + Level 2.6 Fighting
 * Level 2.8 Short Blades
 + Level 2.3 Throwing
 + Level 1.2 Dodging
 * Level 4.5 Stealth


You had 3 spell levels left.
You didn't know any spells.

Dungeon Overview and Level Annotations

Branches:
Dungeon (3/15)

Altars:


Innate Abilities, Weirdness & Mutations

Your plain brown scales are hard (AC +5).
Your body does not fit into most forms of armour.
You are cold-blooded and may be slowed by cold attacks.


Message History

You kill the orc wizard!
You have reached level 4!
You feel agile. Something hits you. x2
The orc wizard looks braver for a moment.
You regained 19 hp, and now have 22/37 hp.
MP restored: 4
a - a +2 dagger (weapon)
You hear some strange, mumbled words.
A puff of flame appears from out of thin air!
The puff of flame hits you!
You take 4 damage, and have 18/37 hp.
You barely miss something. Something hits you!
You take 6 damage, and have 12/37 hp.
You bump into the rock wall.
Something hits you.
* * * LOW HITPOINT WARNING * * *
You hear some strange, mumbled words.
A puff of flame appears from out of thin air!
The puff of flame hits you!
You die...

### ..# #.#
#.#?#####
#..@{go#
#.#)###.######
#.#
##..g.$.#####
.(#
#...<.......##
#.#
#.####.......#
#.. #.
#..###..# #.
.. #..###..###
# ##o
#.>........ #.
#.[......$.


You could see an orc wizard and a hobgoblin.

Vanquished Creatures
  An orc wizard (D:3)
  2 adders
  A worm (D:2)
  A dart slug (D:1)
  2 giant geckos
  An orc (D:3)
  A giant cockroach (D:1)
  7 goblins
  2 hobgoblins (D:1)
  5 kobolds
  A quokka (D:2)
  7 bats
  3 giant newts
  6 rats
40 creatures vanquished.

Notes
Turn   | Place    | Note
--------------------------------------------------------------
     0 | D:1      | namelastname112 the Draconian Assassin began the quest for the Orb.
     0 | D:1      | Reached XP level 1. HP: 17/17 MP: 1/1
    62 | D:1      | Reached skill level 1 in Dodging
   100 | D:1      | Reached XP level 2. HP: 18/24 MP: 2/2
   265 | D:1      | Reached skill level 4 in Stealth
   498 | D:2      | Reached XP level 3. HP: 25/30 MP: 3/3
   970 | D:3      | Reached XP level 4. HP: 31/37 MP: 4/4
   973 | D:3      | Killed from afar by an orc wizard

Vault maps used:
D:1:      dpeg_arrival_stone_temple_mockup
D:3:      gammafunk_temple_overflow_pools

Skill      XL: |  1  2 |
---------------+-------+-----
Dodging        | 1 |  1.2
Throwing       | 2 |  2.3
Stealth        | 4 |  4.5
Fighting       | |  2.6
Short Blades   | |  2.8

Action                   |  1- 3 |  4- 6 || total
-------------------------+-------+-------++-------
Melee: Dagger            |   141 |     1 ||   142
       Tailslap          |    14 |       ||    14
 Fire: Blowgun           |     3 |       ||     3
  Use: Potion            |     2 |       ||     2
 Stab: Sleeping          |     5 |       ||     5
Armor: Skin              |    36 |       ||    36
Dodge: Dodged            |    79 |       ||    79
